[Event "*** SCC Grand Prix: Titled Tuesday Blitz"]
[Site "Chess.com"]
[Date "2020.08.04"]
[Round "4"]
[White "grzechu96"]
[Black "ChessSwole"]
[Result "0-1"]
[WhiteElo "2666"]
[BlackElo "2383"]
[TimeControl "180+1"]
[EndTime "14:23:49 PDT"]
[Termination "ChessSwole won by checkmate"]

1. e4 c5 2. Nf3 e6 3. d4 cxd4 4. Nxd4 a6 5. Bd3 Bc5 6. Nb3 Ba7 7. O-O Nc6 8. Qe2 Nge7 9. Be3 Bxe3 10. Qxe3 d5 11.
N1d2 O-O 12. Rad1 d4 13. Qg3 e5 14. Nf3 Ng6 15. c3 dxc3 16. bxc3 Qe7 17. Bc4 Be6 18. Bd5 f6 19. Nh4 Nxh4 20. Qxh4 Rfd8 21. Qg3 Rac8 22. Qe3 Nb8 23. Rd2 Bxd5 24. exd5 Qd6 25. Rfd1 Nd7 26. h3 Nb6 27. Na5 Nc4 28. Nxc4 Rxc4 29.
Qd3 Rdc8 30. Qf5 Re8 31. Qd3 Rec8 32. Qf5 Re8 33. Rd3 g6 34. Qf3 e4 35. Qe3 Rec8 36.
Rd4 f5 37. Rxc4 Rxc4 38. Qa7 b5 39. Qa8+ Kg7 40. Qa7+ Kh6 41. Qe3+ f4 42. Qe2 Kg7 43. Rd2 h5 44. Rd1 Kh6 45. Qd2 g5 46. Qe2 Kg6 47.
Qc2 Kf5 48. Qe2 g4 49. hxg4+ hxg4 50. f3 gxf3 51. gxf3 Qg6+ 52. Kf1 Qh6 53. Qg2 Rxc3 54. Qg4+ Ke5 55. fxe4 Qh1+ 56. Qg1 Qf3+ 57. Qf2 Qxd1+ 58. Kg2 Rg3+ 59. Kh2 Qh5# 0-1

[Event "*** SCC Grand Prix: Titled Tuesday Blitz"]
[Site "Chess.com"]
[Date "2020.08.04"]
[Round "4"]
[White "NotFischer"]
[Black "afgano29"]
[Result "0-1"]
[WhiteElo "2204"]
[BlackElo "2659"]
[TimeControl "180+1"]
[EndTime "14:23:49 PDT"]
[Termination "afgano29 won on time"]

1. e4 c5 2. Nf3 Nc6 3. d4 cxd4 4. Nxd4 e5 5. Nb5 d6 6. N1c3 a6 7. Na3 b5 8. Nd5 Nce7 9. c4 Nxd5 10. cxd5 f5 11. Bd3 fxe4 12. Bxe4 Nf6 13. Bf3 Be7 14. O-O O-O 15. Re1 Bf5 16. Nc2 a5 17. Ne3 Bg6 18. Ng4 Rc8 19. Nxf6+ gxf6 20. Bh6 Rf7 21. Rc1 f5 22.
Rxc8 Qxc8 23. Qb3 Qd7 24. Be2 b4 25. Rc1 f4 26. Rc6 e4 27. Qc4 f3 28. Rc8+ Bf8 29.
Bxf8 Rxf8 30. Rxf8+ Kxf8 31. gxf3 exf3 32. Bxf3 Qf5 33.
Kg2 Qe5 34. h4 Qxb2 35. Qc8+ Kg7 36. Qd7+ Kg8 37. Qd8+ Kf7 38. Qd7+ Kg8 39. Qd8+ Kg7 40. h5 Bf7 41. Qg5+ Kf8 42. Qd8+ Kg7 43. Qg5+ Kh8 44.
Qd8+ Bg8 45. Qxd6 Qg7+ 46. Kf1 Qa1+ 47. Kg2 Qg7+ 48. Kf1 Qc3 49. Qe7 Qa1+ 50. Kg2 Qg7+ 51. Qxg7+ Kxg7 52. d6 Be6 53. Be4 h6 54. f4 Kf6 55.
Kf3 Bxa2 56. Bc6 b3 57. d7 Ke7 58. f5 b2 59. f6+ Kd8 60. Be4 b1=Q 61. Bxb1 Be6 0-1

[Event "*** SCC Grand Prix: Titled Tuesday Blitz"]
[Site "Chess.com"]
[Date "2020.08.04"]
[Round "4"]
[White "Zurability"]
[Black "Baronessa08"]
[Result "1-0"]
[WhiteElo "2686"]
[BlackElo "2386"]
[TimeControl "180+1"]
[EndTime "14:23:50 PDT"]
[Termination "Zurability won by resignation"]

1. c4 c5 2. Nf3 Nc6 3. d4 cxd4 4. Nxd4 g6 5. Nc3 Bg7 6. Nb3 Nf6 7. e4 O-O 8. Be2 d6 9. O-O Bd7 10. Be3 a5 11. c5 a4 12. Nd2 dxc5 13. Bxc5 b6 14. Be3 a3 15. bxa3 Rxa3 16. Nb5 Ra8 17. f3 Ne8 18. Rb1 Rxa2 19. Nc4 Ra6 20. Kh1 Be6 21.
Qxd8 Nxd8 22. Nxb6 Ra2 23. Bc4 Bxc4 24. Nxc4 Ne6 25. Nb6 Nf6 26. Nc3 Rc2 27. Ncd5 Nxd5 28. Nxd5 Re8 29. Rb7 Kf8 30. Rfb1 Re2 31. h3 Bd4 32.
Bh6+ Bg7 33. Bxg7+ Nxg7 34. Ra7 Nh5 35. Rbb7 Ng3+ 36.
Kh2 Nf1+ 37. Kg1 Ne3 38. Nxe7 Rxg2+ 39. Kh1 Rc2 40. Nd5 Nxd5 41. Rxf7+ Kg8 42. Rg7+ Kh8 43. Rxh7+ Kg8 44. Rag7+ Kf8 45. Rxg6 Ne7 46. Rh8+ Kf7 47. Rxe8 Nxg6 48. Ra8 Nf4 49. Ra5 Kf6 50. Rf5+ Kg6 51. Rxf4 Kg5 52. Rg4+ Kh5 53. Rg2 Rc1+ 54. Kh2 Rf1 55.
Kg3 Kg5 56. h4+ Kf6 57. Re2 1-0

[Event "*** SCC Grand Prix: Titled Tuesday Blitz"]
[Site "Chess.com"]
[Date "2020.08.04"]
[Round "4"]
[White "Stormeman100100"]
[Black "tan275"]
[Result "1-0"]
[WhiteElo "2448"]
[BlackElo "2232"]
[TimeControl "180+1"]
[EndTime "14:23:50 PDT"]
[Termination "Stormeman100100 won by checkmate"]

1. Nf3 d5 2. b3 c5 3. e3 Nf6 4. Bb2 Nc6 5. d4 Bf5 6. a3 e6 7. Nbd2 h6 8. Be2 Be7 9. O-O O-O 10. c4 Ne4 11. Nxe4 Bxe4 12. dxc5 dxc4 13. b4 Bd3 14. Bxd3 Qxd3 15. Qxd3 cxd3 16. Rfd1 Rfd8 17. Bd4 Bf6 18. Bxf6 gxf6 19. Ne1 Ne5 20. f4 Nc4 21. Rxd3 Rxd3 22.
Nxd3 Rd8 23. Nf2 Nxe3 24. Ne4 Rd4 25. Nd6 b6 26. Rc1 bxc5 27. bxc5 Nd5 28. Nb5 Ra4 29.
c6 Ra5 30. c7 Nxc7 31. Nxc7 Rxa3 32. g3 Kg7 33. Rc6 a5 34. Ra6 Ra1+ 35. Kg2 Ra2+ 36.
Kf3 Rxh2 37. Rxa5 h5 38. Ra7 Kg6 39. Ra8 f5 40. Rg8+ Kh7 41. Rd8 h4 42. gxh4 Rxh4 43.
Ne8 Rh3+ 44. Ke2 Ra3 45. Nd6 Ra7 46. Ke3 Kg7 47. Ne8+ Kh7 48. Rd1 Kg6 49. Rg1+ Kh7 50. Kd4 Ra4+ 51. Ke5 Re4+ 52. Kf6 Rxf4 53. Rh1+ Kg8 54.
Nd6 Rg4 55. Nxf7 Rg7 56. Rh8# 1-0

[Event "*** SCC Grand Prix: Titled Tuesday Blitz"]
[Site "Chess.com"]
[Date "2020.08.04"]
[Round "4"]
[White "GoltsevDmitry2000"]
[Black "penguingm1"]
[Result "0-1"]
[WhiteElo "2626"]
[BlackElo "2944"]
[TimeControl "180+1"]
[EndTime "14:23:51 PDT"]
[Termination "penguingm1 won by checkmate"]

1. e4 e5 2. Nf3 Nc6 3. Bb5 g6 4. O-O Bg7 5. Nc3 a6 6. Ba4 b5 7. Bb3 Nge7 8. Nd5 O-O 9. c3 Na5 10. Nxe7+ Qxe7 11. Bc2 Bb7 12. d3 d5 13. exd5 Bxd5 14.
Re1 Rfe8 15. Bf4 Qd6 16. Bg3 c5 17. Qe2 Nc6 18. Rad1 Rad8 19. b3 Qd7 20. Bb1 h6 21.
Nd2 f5 22. f3 b4 23. c4 Nd4 24.
Qf1 Bc6 25. Bf2 a5 26. Bxd4 exd4 27. Rxe8+ Rxe8 28. Re1 Re3 29. Re2 Qe7 30. Kf2 h5 31. Qe1 Bh6 32. Nf1 Qh4+ 33. g3 Qh3 34. Nxe3 dxe3+ 35. Rxe3 Qxh2+ 36. Kf1 Qh1+ 37. Kf2 Qh2+ 38. Kf1 Bg7 39. Qf2 Qh1+ 40. Qg1 Qxg1+ 41. Kxg1 Bd4 42. Kf2 g5 43. Ke2 Kf7 44. Bc2 h4 45. gxh4 gxh4 46. Kd2 h3 47. Re2 Bxf3 48. Rh2 Bg2 49. Bd1 Be5 50.
Rxh3 Bxh3 51. Bf3 Kf6 52. Bd5 Kg5 53. Ke3 f4+ 54. Ke4 Bd4 55. Bg8 Bg2# 0-1

[Event "*** SCC Grand Prix: Titled Tuesday Blitz"]
[Site "Chess.com"]
[Date "2020.08.04"]
[Round "4"]
[White "Siemba"]
[Black "BogdanDeac"]
[Result "0-1"]
[WhiteElo "2401"]
[BlackElo "2770"]
[TimeControl "180+1"]
[EndTime "14:23:51 PDT"]
[Termination "BogdanDeac won on time"]

1. e4 c5 2. Nf3 d6 3. d4 cxd4 4.
Nxd4 Nf6 5. Nc3 a6 6. Bg5 Nbd7 7. Qe2 h6 8. Bh4 g6 9. f4 e5 10. fxe5 dxe5 11. O-O-O Qc7 12. Nb3 b5 13. Nd5 Nxd5 14. exd5 Bd6 15. Nd2 f5 16. g4 Nc5 17. Bh3 f4 18.
Ne4 O-O 19. Nxc5 Bxc5 20. d6 Bxd6 21. Qe4 Bc5 22. Qxg6+ Qg7 23. Qc6 Be3+ 24. Kb1 Ra7 25. Rhf1 Kh7 26. Bf2 Bxf2 27. Rxf2 Rc7 28. Qe4+ Kh8 29.
Re1 Rc5 30. Qb4 Rc4 31. Qd6 Rd4 32. Qc5 Rfd8 33. a3 Rd1+ 34. Rxd1 Rxd1+ 35. Ka2 Be6+ 36. b3 e4 37. c3 f3 38. Qc6 Qd7 39. Qa8+ Kg7 40.
Qxe4 Rd2+ 41. Rxd2 Qxd2+ 42. Ka1 Qxc3+ 43. Kb1 Qxb3+ 44. Kc1 Qxa3+ 45. Kb1 Qb3+ 46. Kc1 Qc3+ 47. Kb1 Bb3 48. Qe7+ Kg6 49. Qe8+ Kg5 50. Qe7+ Kf4 51. Qf8+ Ke3 52. Qxh6+ Ke2 0-1

[Event "*** SCC Grand Prix: Titled Tuesday Blitz"]
[Site "Chess.com"]
[Date "2020.08.04"]
[Round "4"]
[White "AldokhinIvan"]
[Black "Zarikovs1999"]
[Result "1/2-1/2"]
[WhiteElo "2534"]
[BlackElo "2374"]
[TimeControl "180+1"]
[EndTime "14:23:53 PDT"]
[Termination "Game drawn - insufficient material"]

1. e4 c5 2. Nf3 Nc6 3. d4 cxd4 4.
Nxd4 Nf6 5. Nc3 d6 6. Bg5 e6 7. Qd2 Be7 8. O-O-O a6 9. h4 Bd7 10.
Be2 b5 11. a3 h6 12. Bxf6 Bxf6 13. Nxc6 Bxc6 14. Qxd6 Qxd6 15. Rxd6 Rc8 16. Bf3 Be5 17. Rd3 g5 18. hxg5 hxg5 19. Rxh8+ Bxh8 20. Nd1 g4 21.
Bxg4 Bxe4 22. Rd2 Bxg2 23. f3 Bf1 24. b3 Be5 25. Ne3 f5 26. Nxf1 fxg4 27. Rg2 gxf3 28. Rg8+ Kd7 29. Rxc8 Kxc8 30. Kd2 Bd4 31. Nh2 f2 32.
Ke2 Kd7 33. Ng4 Bc5 34. Nxf2 Bxa3 35. Kd3 Bd6 36. Ne4 Kc6 37. c4 Bc7 38. Ng5 Kd6 39. Ne4+ Kc6 40. Ng5 e5 41. Ne6 Bd6 42. Nd8+ Kc5 43.
Nb7+ Kc6 44. Nd8+ Kb6 45. Ke4 bxc4 46. bxc4 a5 47. Kd5 Bb8 48. c5+ Kb5 49. Nc6 Bc7 50.
Na7+ Kb4 51. Nc6+ Kb3 52. Nxa5+ Bxa5 53. Kxe5 Kb4 54. Kd6 Kb5 55. c6 Bb6 56. Kd7 Kc5 57. c7 Bxc7 1/2-1/2

[Event "*** SCC Grand Prix: Titled Tuesday Blitz"]
[Site "Chess.com"]
[Date "2020.08.04"]
[Round "4"]
[White "StockholmMissile"]
[Black "peixe64"]
[Result "0-1"]
[WhiteElo "2457"]
[BlackElo "2323"]
[TimeControl "180+1"]
[EndTime "14:23:53 PDT"]
[Termination "peixe64 won on time"]

1. d4 Nf6 2. c4 g6 3. Nc3 d5 4.
Nf3 Bg7 5. h4 h5 6. Bg5 Ne4 7.
e3 Nxg5 8. hxg5 dxc4 9. Bxc4 c5 10. dxc5 Qa5 11. Qb3 O-O 12. O-O Qxc5 13. Ne4 Qf5 14. Ng3 Qg4 15. Ne2 Nc6 16. Rac1 h4 17. Nf4 h3 18. Nxh3 Ne5 19. Nxe5 Bxe5 20. f4 Bd6 21. Qd1 Qh4 22. Qe1 Qh7 23. Nf2 Bf5 24. Bd3 Be6 25. b3 Qh5 26. Qe2 Qh4 27. Ne4 Bg4 28. Qf2 Qh5 29. Nxd6 exd6 30. Rc2 Kh7 31. Be2 Rh8 32.
Bxg4 Qxg4 33. Qf3 Qh4 34. Qh3 Qxh3 35. gxh3 Kg7 36. Kg2 Rae8 37. Rf3 d5 38. Rd2 Rd8 39. Rf1 Rhe8 40. Kf2 Re4 41. Rfd1 Rc8 42. Rxd5 Rc2+ 43. R1d2 Rc3 44. R5d3 Rc1 45. Kf3 Re7 46. Re2 Rh1 47. Kg2 Ra1 48. e4 Rc7 49. f5 Rcc1 50. f6+ Kh7 51. Kf3 Rf1+ 52. Ke3 Rh1 53. Kd4 Rac1 54. Rg2 Rc8 0-1

[Event "*** SCC Grand Prix: Titled Tuesday Blitz"]
[Site "Chess.com"]
[Date "2020.08.04"]
[Round "4"]
[White "German_Bazeev"]
[Black "shnitez"]
[Result "1-0"]
[WhiteElo "2736"]
[BlackElo "2485"]
[TimeControl "180+1"]
[EndTime "14:23:57 PDT"]
[Termination "German_Bazeev won by resignation"]

1. d4 Nf6 2. Nf3 e6 3. c4 b6 4. Nc3 Bb7 5. Bg5 Bb4 6. Nd2 h6 7. Bh4 Qe7 8. Rc1 c5 9. dxc5 bxc5 10. e4 g5 11. Bg3 Nxe4 12. Ndxe4 Bxe4 13. a3 Bxc3+ 14. Rxc3 Nc6 15. Bd6 Qf6 16. Bxc5 Qe5 17. Be3 O-O 18. h4 Bg6 19. hxg5 hxg5 20. Qg4 f6 21. Qg3 Qxg3 22. fxg3 Ne5 23. b4 Rfc8 24. Be2 d5 25. c5 Nf7 26. O-O Kg7 27. Ba6 Rc7 28. Rd1 Be4 29.
c6 e5 30. Bb7 Rb8 31. Bxa7 Rbxb7 32. cxb7 Rxb7 33. Bf2 d4 34. Rc5 Nd6 35. Bxd4 exd4 36. Rxd4 Rb6 37. a4 f5 38. a5 Ra6 39. g4 Kf6 40. gxf5 Bxf5 41. Rd1 Ke6 42. Re1+ Ne4 43.
Ra1 Nxc5 44. bxc5 Kd5 45. Rd1+ Kc6 46. Rf1 Kxc5 47. Rxf5+ Kb4 48. Rxg5 Rxa5 49. Rxa5 Kxa5 50. Kf2 Kb6 51. Kf3 Kc6 52. Kf4 Kd6 53. Kf5 Ke7 54. Kg6 Kf8 55. Kf6 Kg8 56. Kg6 Kf8 57. g4 Kg8 58. g5 Kh8 59. Kf7 Kh7 60. g6+ 1-0

[Event "*** SCC Grand Prix: Titled Tuesday Blitz"]
[Site "Chess.com"]
[Date "2020.08.04"]
[Round "4"]
[White "kakarot_001"]
[Black "csati17"]
[Result "0-1"]
[WhiteElo "2823"]
[BlackElo "2596"]
[TimeControl "180+1"]
[EndTime "14:23:58 PDT"]
[Termination "csati17 won on time"]

1. Nf3 d5 2. g3 Nf6 3. Bg2 c6 4. O-O Bg4 5. d4 Nbd7 6. c4 e6 7. b3 Bd6 8. Bb2 Bxf3 9. Bxf3 O-O 10. Nc3 Rb8 11. e4 dxe4 12. Nxe4 Be7 13. Re1 Qc7 14.
Qc2 Nxe4 15. Bxe4 h6 16. Rad1 Bf6 17. h4 Rfe8 18. Qe2 c5 19. Bb1 cxd4 20. Bxd4 Bxd4 21.
Rxd4 Nf6 22. Rf4 Rbd8 23. Qe3 Qa5 24. Rf1 Qd2 25. Qxa7 e5 26. Rxf6 gxf6 27. Qxb7 Rd4 28.
Qf3 Kg7 29. Qf5 e4 30. a4 Re5 31. Qg4+ Kh7 32. Kg2 f5 33. Qf4 Qxf4 34. gxf4 Re8 35.
Bc2 Rd2 36. Bd1 e3 37. Bh5 Re4 38. a5 Ra2 39. a6 Rxf4 40. Bf3 exf2 41. Rxf2 Rxa6 42.
Kg3 Rd4 43. Bd5 Rg6+ 44. Kf3 Kg7 45. Ke3 Rxh4 46. Rxf5 Rf6 47. Re5 Rh3+ 48. Kd4 Rxb3 49. Kc5 Rg3 50. Re2 h5 51. Kb5 Rg5 52. Kc5 h4 53. Rh2 Rf4 54. Kd6 Rg3 55. c5 Rd3 0-1

[Event "*** SCC Grand Prix: Titled Tuesday Blitz"]
[Site "Chess.com"]
[Date "2020.08.04"]
[Round "4"]
[White "ketster"]
[Black "Sashadav97"]
[Result "1-0"]
[WhiteElo "2392"]
[BlackElo "2574"]
[TimeControl "180+1"]
[EndTime "14:24:00 PDT"]
[Termination "ketster won by checkmate"]

1. d4 d5 2. c4 e6 3. Nc3 Nf6 4.
cxd5 exd5 5. Bg5 c6 6. e3 Bd6 7.
Qc2 O-O 8. Bd3 h6 9. Bh4 Re8 10. Nge2 a5 11. h3 Na6 12. a3 Nc7 13. O-O Ne6 14.
Rad1 Bd7 15. Bg3 Bxg3 16. Nxg3 Ng5 17. Nf5 Bxf5 18. Bxf5 g6 19. Bd3 Kg7 20. Rfe1 Qd7 21. f3 Re7 22. Qf2 Rd8 23. Bb1 Ne6 24. Rd2 Rde8 25. e4 Nf4 26. e5 Nh7 27. Qg3 Nh5 28.
Qh4 b6 29. Rf1 f5 30. g4 Nf4 31. gxf5 g5 32. f6+ Kh8 33. Qxh6 Rf7 34. Kh2 Kg8 35.
Rg1 Ne6 36. Bf5 Qc7 37. Bg6 Nhf8 38. Bxf7+ Kxf7 39. Qh5+ Ng6 40. Rdg2 Rh8 41. Qg4 Ngf4 42. Rg3 Rh5 43. Re1 Nxd4 44. e6+ Kxf6 45. e7 Rxh3+ 46.
Rxh3 Nxh3+ 47. Kxh3 Nxf3 48. Qxf3+ Kg6 49. e8=Q+ Kg7 50. Qff7+ Kh6 51. Qxc7 g4+ 52. Kxg4 d4 53. Qd6+ Kg7 54. Qdg6# 1-0

[Event "*** SCC Grand Prix: Titled Tuesday Blitz"]
[Site "Chess.com"]
[Date "2020.08.04"]
[Round "4"]
[White "Shield12"]
[Black "tlomigtlis"]
[Result "1-0"]
[WhiteElo "2837"]
[BlackElo "2416"]
[TimeControl "180+1"]
[EndTime "14:24:04 PDT"]
[Termination "Shield12 won on time"]

1. e4 c5 2. Nf3 d6 3. Bb5+ Nd7 4. Ba4 Nf6 5. O-O g6 6. Re1 Bg7 7. c3 O-O 8. d4 cxd4 9. cxd4 d5 10. e5 Ne4 11. Nbd2 Nxd2 12. Bxd2 e6 13. Bg5 f6 14. exf6 Nxf6 15. Bc2 Qd6 16. Ne5 Nd7 17. Ng4 Qb6 18. Bh6 Nf6 19. Bxg7 Kxg7 20. Ne5 Qxb2 21. h4 Nd7 22.
Nf3 Nf6 23. Ng5 Qb6 24. Rb1 Qd6 25. Rb3 b6 26. Rbe3 Re8 27. h5 Nxh5 28. Nxh7 Qf4 29. Re5 Qh6 30. Ng5 Nf4 31. Qg4 Rh8 32. f3 Qh2+ 33. Kf2 Rh4 34. Qg3 Qxg3+ 35. Kxg3 Bd7 36. Kxh4 Nxg2+ 37. Kg3 Nxe1 38. Rxe1 Kf6 39. Nh3 Rc8 40. Re2 Rc3 41. Nf4 g5 42. Nh5+ Ke7 43. Bb3 Kd6 44. Nf6 a5 45. Nxd7 Kxd7 46. Ba4+ Kd6 47. Bb5 Rc1 48.
a4 Rd1 49. Kg4 Rg1+ 50. Kh5 Rg3 51. Rf2 e5 52. dxe5+ Kxe5 53. Kg6 Kf4 54. Bc6 d4 55. Re2 d3 56. Re8 d2 57. Rd8 Rg2 58. Kf6 Re2 59.
Rd3 Kg3 60. Kxg5 Kf2 61. f4 Ke1 62. Bf3 Rf2 63. Bg4 Rg2 64. f5 Rf2 65. f6 1-0

[Event "*** SCC Grand Prix: Titled Tuesday Blitz"]
[Site "Chess.com"]
[Date "2020.08.04"]
[Round "4"]
[White "Fortitudine"]
[Black "rududuyk"]
[Result "1-0"]
[WhiteElo "2253"]
[BlackElo "2070"]
[TimeControl "180+1"]
[EndTime "14:24:05 PDT"]
[Termination "Fortitudine won by resignation"]

1. c4 e5 2. g3 Nc6 3. Bg2 Bc5 4. Nc3 d6 5. e3 f5 6. Nge2 Nf6 7. O-O O-O 8. d4 Bb6 9. Nd5 Nxd5 10. cxd5 Ne7 11. dxe5 dxe5 12. b3 Qe8 13. Bb2 Ng6 14. Nc3 f4 15. exf4 exf4 16. Na4 fxg3 17. hxg3 Bd7 18. Nxb6 axb6 19. Qd4 Qf7 20. Rac1 Bf5 21. a4 Rad8 22. Rfe1 c6 23. Qxb6 Ne7 24. d6 Nd5 25. Qc5 Bg4 26. f4 Be6 27. Be5 Rd7 28. b4 Rfd8 29. b5 Nf6 30.
bxc6 bxc6 31. Bxc6 Ra7 32. Bb5 Ng4 33. Kg2 Nxe5 34.
Qxe5 Bd5+ 35. Kg1 Rc8 36. d7 Rd8 37. Rc8 Rxd7 38. Bxd7 Qxd7 39. Rxd8+ Qxd8 40. Qe8+ Qxe8 41. Rxe8+ Kf7 42. Re5 Bc6 43. a5 Bb7 44. Kf2 Kf6 45. Ke3 h6 46. Kd4 g5 47. fxg5+ hxg5 48. Rb5 Bc8 49. Rc5 Bb7 50. a6 Ba8 51. a7 Ke6 52.
Rc8 Bb7 53. a8=Q Bxa8 54. Rxa8 1-0

[Event "*** SCC Grand Prix: Titled Tuesday Blitz"]
[Site "Chess.com"]
[Date "2020.08.04"]
[Round "4"]
[White "TigrVShlyape"]
[Black "smartinusa"]
[Result "1/2-1/2"]
[WhiteElo "2849"]
[BlackElo "2589"]
[TimeControl "180+1"]
[EndTime "14:24:06 PDT"]
[Termination "Game drawn by repetition"]

1. d4 Nf6 2. Nf3 e6 3. Bf4 d5 4. e3 Bd6 5. Ne5 O-O 6. Nd2 c5 7. c3 Nc6 8. Bd3 Qe7 9. Ndf3 Nd7 10.
h4 f5 11. Qe2 c4 12. Bc2 Ncxe5 13. Nxe5 Nxe5 14. Bxe5 Bxe5 15. dxe5 b5 16. a3 a5 17. f4 Bd7 18. g4 b4 19. gxf5 exf5 20. Qd2 bxc3 21. bxc3 Be6 22. Bd1 Rab8 23. Bf3 Rb5 24.
Kf2 Rfb8 25. Ra2 Kh8 26. Kg3 Rb3 27. a4 Qc5 28. Rg1 g6 29. Kh3 Rb1 30. Rg3 Rf1 31.
Bg2 Rg1 32. Rb2 Rb1 33. Rxb8+ Rxb8 34. h5 gxh5 35. Bf3 Bf7 36. Rg5 h6 37. Rg1 Rg8 38. Rxg8+ Kxg8 39. Kg3 Kf8 40. Qd4 Qc6 41. Qa7 Qg6+ 42.
Kf2 h4 43. Qxa5 Qg3+ 44. Ke2 h3 45. Qd8+ Kg7 46. Qf6+ Kg8 47. e6 Bg6 48. e7 h2 49.
Qf8+ Kh7 50. e8=Q Bxe8 51. Qxe8 Qxf3+ 52. Kxf3 h1=Q+ 53. Kf2 Qh2+ 54. Kf3 Qh1+ 55. Kf2 Qh2+ 56. Ke1 Qg1+ 57. Kd2 Qf2+ 58. Kc1 Qe1+ 59. Kc2 Qe2+ 60. Kc1 Qe1+ 61. Kc2 Qe2+ 62. Kc1 Qe1+ 1/2-1/2

[Event "*** SCC Grand Prix: Titled Tuesday Blitz"]
[Site "Chess.com"]
[Date "2020.08.04"]
[Round "4"]
[White "Carnivoras"]
[Black "igorkovalenko"]
[Result "1-0"]
[WhiteElo "2621"]
[BlackElo "2866"]
[TimeControl "180+1"]
[EndTime "14:24:12 PDT"]
[Termination "Carnivoras won by checkmate"]

1. d4 Nf6 2. c4 e6 3. Nc3 Bb4 4.
e3 O-O 5. Ne2 c5 6. a3 Bxc3+ 7.
Nxc3 d6 8. Be2 Nc6 9. O-O b6 10. Bf3 Bb7 11. d5 Ne5 12. Be2 exd5 13. cxd5 Re8 14.
e4 Ng6 15. f3 a6 16. a4 h5 17. Bg5 Qd7 18. Bxf6 gxf6 19. f4 f5 20. Bxh5 Kg7 21.
exf5 Qxf5 22. Qf3 Bc8 23. h3 Kh6 24. Bg4 Qf6 25. Kh1 Nh4 26. Qf2 Bf5 27. Rae1 Bd3 28. Rg1 b5 29. axb5 axb5 30. Be2 Bxe2 31. Rxe2 Rxe2 32.
Nxe2 Re8 33. Ng3 Kh7 34. Qf1 Ng6 35. Qxb5 Re3 36. Nf1 Re1 37. Nh2 Rxg1+ 38. Kxg1 Qd4+ 39. Kh1 Nxf4 40. Ng4 Qd1+ 41. Kh2 Ne2 42. h4 Qg1+ 43. Kh3 Qh1+ 44. Nh2 Qe1 45. Qb3 Ng1+ 46. Kg4 Qe4+ 47. Kg3 Ne2+ 48. Kf2 Nd4 49. Qe3 Qc2+ 50. Kg1 Qb1+ 51.
Kf2 Qxb2+ 52. Kf1 Qb1+ 53. Kf2 Qf5+ 54. Nf3 Qxd5 55. Qf4 Nxf3 56. gxf3 Kg7 57. Qg4+ Kh6 58. Qf4+ Kg6 59. Qg4+ Kf6 60. Qf4+ Ke6 61. Qg4+ Qf5 62. Qc4+ Kf6 63. Qc3+ Kg6 64. Qh8 Qf6 65. Qg8+ Kh5 66. Qh7+ Qh6 67. Qf5+ Kxh4 68. Qg4# 1-0

[Event "*** SCC Grand Prix: Titled Tuesday Blitz"]
[Site "Chess.com"]
[Date "2020.08.04"]
[Round "4"]
[White "GianmarcoVaR"]
[Black "Shushik"]
[Result "1-0"]
[WhiteElo "2467"]
[BlackElo "2287"]
[TimeControl "180+1"]
[EndTime "14:24:12 PDT"]
[Termination "GianmarcoVaR won by checkmate"]

1. d4 d5 2. Nf3 f6 3. Bf4 c5 4. e3 Nc6 5. c3 Bg4 6. Nbd2 e5 7. dxe5 fxe5 8. Bg5 Be7 9. Bxe7 Ngxe7 10. e4 d4 11. Bc4 Qd7 12. Qa4 a6 13. h3 Be6 14. O-O O-O 15. cxd4 exd4 16. Qb3 Nd8 17. Ng5 Bxc4 18. Nxc4 Qb5 19. Nb6+ Qxb3 20. axb3 Rb8 21. Nd7 Nf7 22. Nxf8 Nxg5 23. f4 Nxe4 24. Rfe1 Kxf8 25. Rxe4 Rd8 26. Re6 b5 27. Rexa6 c4 28. bxc4 bxc4 29.
Ra8 Ke8 30. Rxd8+ Kxd8 31. Ra4 d3 32. Rxc4 Nf5 33. Rc3 d2 34. Rd3+ Kc8 35. Rxd2 Kc7 36. Kf2 Kb6 37. g3 Kb5 38. Kf3 Kb4 39. Rd5 Ne7 40. Rd7 Nf5 41. g4 Nh4+ 42. Kg3 Ng6 43.
Rxg7 Kb3 44. Rxh7 Kxb2 45. h4 Kc3 46. h5 Nf8 47. Rf7 Ne6 48. h6 Nd8 49. Rf6 Kd4 50. h7 Nf7 51. Rxf7 Ke3 52. h8=Q Ke2 53. Qe8+ Kf1 54.
Rd7 Kg1 55. Qe1# 1-0

[Event "*** SCC Grand Prix: Titled Tuesday Blitz"]
[Site "Chess.com"]
[Date "2020.08.04"]
[Round "4"]
[White "Flopezin"]
[Black "Vladislav_Chizhikov"]
[Result "1-0"]
[WhiteElo "2310"]
[BlackElo "2449"]
[TimeControl "180+1"]
[EndTime "14:24:12 PDT"]
[Termination "Flopezin won on time"]

1. c4 c5 2. Nf3 Nc6 3. Nc3 g6 4. e3 Bg7 5. d4 cxd4 6. exd4 d6 7.
g3 Nh6 8. Bg2 Nf5 9. d5 Ncd4 10.
O-O O-O 11. Nxd4 Nxd4 12. Be3 Nf5 13. Bd2 a6 14. Re1 b5 15. cxb5 axb5 16. a3 Bd7 17. Bf1 Rb8 18. Re4 h5 19. Qc1 Kh7 20. Rb4 Nd4 21. Be3 Nf3+ 22. Kg2 Ne5 23. Bd4 Bg4 24. Be2 Bf5 25. f4 Ng4 26. Bxg7 Kxg7 27. Bxg4 hxg4 28. Qe3 Rh8 29. Re1 Rb7 30. Nxb5 Qa8 31. Qd4+ f6 32. Nc3 Rh5 33. Rxb7 Qxb7 34. Re2 Kf7 35. Nd1 Qc8 36. Ne3 Qh8 37. Kg1 Bd7 38. Qe4 Qd8 39. Nc2 Bf5 40. Qd4 Qc8 41. Qe3 Qc7 42. Nd4 Rh8 43. Nc6 Re8 44. b4 Qb7 45. Qd4 Qa6 46. Re3 Qa4 47.
Qd2 Qb5 48. Qe1 Qb7 49. Kf2 Kf8 50. a4 e5 51. fxe5 dxe5 52. b5 Ra8 53. Qb4+ Kf7 54. Rc3 Kg7 55. d6 Kh6 56. Ne7 Qh1 57. Nxf5+ gxf5 58. d7 Qxh2+ 59. Ke1 Qg1+ 60. Kd2 Rd8 61. Qe7 Qf2+ 62. Kc1 Qe1+ 63. Kb2 Qd2+ 64. Kb3 1-0

[Event "*** SCC Grand Prix: Titled Tuesday Blitz"]
[Site "Chess.com"]
[Date "2020.08.04"]
[Round "4"]
[White "GalperinPlaton"]
[Black "Jospem"]
[Result "0-1"]
[WhiteElo "2612"]
[BlackElo "2923"]
[TimeControl "180+1"]
[EndTime "14:24:13 PDT"]
[Termination "Jospem won on time"]

1. e4 e5 2. Nf3 Nc6 3. Nc3 Nf6 4. h3 d5 5. exd5 Nxd5 6. Bb5 Nxc3 7.
bxc3 Bd6 8. d4 exd4 9. O-O O-O 10. cxd4 Ne7 11. c4 c6 12. Ba4 Bf5 13. Bc2 Qd7 14.
Re1 Rad8 15. Bg5 f6 16. Bd2 Kh8 17. Qb1 Bxc2 18. Qxc2 b5 19. a4 bxc4 20. Qxc4 Nd5 21. Rac1 Rc8 22. a5 Rfd8 23. Rc2 Bf8 24. Rec1 Re8 25. Qa4 Re6 26. Qc4 g6 27. Qd3 Kg7 28.
Qc4 Bd6 29. Rb1 Rc7 30. a6 Re7 31. Ba5 Rc8 32. Rb7 Qe8 33. Rc1 Qf7 34. Rcb1 Bc7 35. Bxc7 Rcxc7 36. Rb8 Nf4 37. Qc5 Qa2 38. R1b7 Qa1+ 39.
Kh2 Qf1 40. Nh4 Ne2 41. Nf3 Nf4 42. Nh4 Ne2 43. Nf3 Qxf2 44. Qxe7+ Rxe7 45. Rxe7+ Kh6 46. Rb1 Nf4 47. Rg1 Nh5 48. Rxa7 Qg3+ 49. Kh1 Qb8 50.
Ra1 Qxa7 51. Nd2 Ng3+ 52. Kh2 Ne2 53. Nb3 Qb8+ 54. Kh1 Ng3+ 0-1

[Event "*** SCC Grand Prix: Titled Tuesday Blitz"]
[Site "Chess.com"]
[Date "2020.08.04"]
[Round "4"]
[White "Eternauta2400"]
[Black "VitaliyBernadskiy"]
[Result "1-0"]
[WhiteElo "2519"]
[BlackElo "2743"]
[TimeControl "180+1"]
[EndTime "14:24:15 PDT"]
[Termination "Eternauta2400 won by resignation"]

1. c4 e5 2. Nc3 c6 3. d4 exd4 4. Qxd4 Nf6 5. g3 Na6 6. Bg2 Bc5 7. Qd1 O-O 8. Nf3 d5 9. cxd5 cxd5 10. O-O h6 11. b3 Re8 12. Bb2 Be6 13. Rc1 Rc8 14.
e3 Bf8 15. Nb5 Qb6 16. Bxf6 Qxb5 17. Bb2 Nb4 18. a4 Rxc1 19. Qxc1 Qa6 20. Nd4 Rc8 21. Qd1 Nd3 22. Ba1 Nc5 23. Nxe6 fxe6 24. Bd4 Nd7 25.
Bh3 Qd6 26. Qg4 Rc6 27. Rd1 Ne5 28. Qe2 a6 29. e4 Nf7 30. exd5 exd5 31. Bg2 Qd8 32. h4 Rd6 33. Bc5 Rd7 34. Bxf8 Kxf8 35. Qe6 d4 36. Rd3 Rd6 37. Qf5 b6 38. Bf1 Qd7 39. Qh7 Ne5 40. Rd1 b5 41. axb5 axb5 42.
Bd3 Nxd3 43. Rxd3 Qe6 44. Rf3+ Ke8 45. Qh8+ Kd7 46. Qxg7+ Kc6 47. Qh7 Qe2 48. Qd3 Qxd3 49.
Rxd3 Kd5 50. f3 Rc6 51. Kf2 Rc2+ 52. Kf1 b4 53. g4 Ke5 54. g5 h5 55. g6 Rc6 56.
f4+ Ke4 57. Rg3 d3 58. g7 Rc1+ 59. Kg2 Rc2+ 60. Kh3 d2 61. g8=Q d1=Q 62. Qe6+ Kxf4 63. Qf6+ Ke4 64. Qe6+ Kf4 65. Qe3+ Kf5 66. Rg5+ Kf6 67.
Qe5+ 1-0